 Dungeon Crawl Stone Soup version 0.28.0-45-g0d030f2227 (webtiles) character file.

Game seed: 16454513558728761419

51 MisterFreud the Covert (level 3, -2/35 HPs)
             Began as a Gnoll Delver on May 24, 2022.
             Slain by an orc
             ... wielding a +0 whip
              (6 damage)
             ... on level 5 of the Dungeon.
             The game lasted 00:01:02 (281 turns).

MisterFreud the Covert (Gnoll Delver)                Turns: 281, Time: 00:01:02

Health: -2/35      AC:  3    Str: 11    XL:     3   Next: 81%
Magic:  4/4        EV: 13    Int: 11    God:
Gold:   0          SH:  0    Dex: 13    Spells: 4/4 levels left

rFire   . . .      SeeInvis .   a - +0 short sword
rCold   . . .      Faith    .   (no shield)
rNeg    . . .      Spirit   .   b - +0 leather armour
rPois   .          Reflect  .   (no helmet)
rElec   .          Harm     .   (no cloak)
rCorr   .          Rampage  .   (no gloves)
Will    .....                   (no boots)
Stlth   ++........              (no amulet)
HPRegen 0.11/turn               (no ring)
MPRegen 0.09/turn               (no ring)

@: confused
A: fangs 1, strong nose, distributed training
a: no special abilities


You were on level 5 of the Dungeon.
You visited 1 branch of the dungeon, and saw 2 of its levels.

Inventory:

Hand Weapons
 a - a +0 short sword (weapon)
Armour
 b - a +0 leather armour (worn)
Wands
 g - a wand of digging (3)
Scrolls
 c - a scroll of fog
 d - a scroll of magic mapping
 e - a scroll of fear
 h - a scroll of teleportation {unknown}
Potions
 f - a potion of haste


   Skills:
 + Level 6.5 Fighting
 + Level 4.6 Short Blades
 + Level 1.0 Long Blades
 + Level 1.0 Axes
 + Level 1.0 Maces & Flails
 + Level 1.0 Polearms
 + Level 1.0 Staves
 + Level 1.0 Slings
 + Level 1.0 Bows
 + Level 1.0 Crossbows
 + Level 1.0 Throwing
 + Level 1.0 Armour
 + Level 4.6 Dodging
 + Level 9.6 Stealth
 + Level 1.0 Shields
 + Level 1.0 Unarmed Combat
 + Level 1.0 Spellcasting
 + Level 0.7 Conjurations
 + Level 0.7 Hexes
 + Level 0.7 Summonings
 + Level 0.7 Necromancy
 + Level 0.7 Translocations
 + Level 0.7 Transmutations
 + Level 0.7 Fire Magic
 + Level 0.7 Ice Magic
 + Level 0.7 Air Magic
 + Level 0.7 Earth Magic
 + Level 0.7 Poison Magic
 + Level 1.0 Invocations
 + Level 1.0 Evocations


You had 4 spell levels left.
You didn't know any spells.
Your spell library contained the following spells:

 Spells                   Type           Power      Damage    Failure   Level
 Ignite Poison            Fire/Tmut/Pois 2%         N/A       67%         3
 Mephitic Cloud           Conj/Pois/Air  2%         N/A       67%         3
 Freezing Cloud           Conj/Ice/Air   1%         6-21      100%        5


Dungeon Overview and Level Annotations

Branches:
Dungeon (6/15)
 Temple: D:4-7

Altars:

Shops:
D:6 *

Annotations:
D:6 Eustachio


Innate Abilities, Weirdness & Mutations

You have very sharp teeth.
Your uncanny sense of smell can sniff out nearby items.
Your experience applies equally to all skills.


Message History

Deactivating autopickup; reactivate with Ctrl-A.
You feel less confused.
You hear some strange, mumbled words.
You are confused.
You bump into the rock wall.
You bump into the rock wall.
Something hits you.
You bump into the rock wall.
Something hits you.
You bump into the rock wall.
You feel less confused. Something hits you.
The orc priest invokes the aid of Beogh against you.
Beogh smites you!
The orc shouts!
You hear some strange, mumbled words.
Something tries to affect you, but you resist.
The orc drinks a potion.
The orc seems to grow stronger.
The orc closely misses you.
Found 21 arrows.
You see here 21 arrows.
Okay, then.
An orc wizard appears from thin air!
Reactivating autopickup.
The orc wizard points at you and mumbles some strange words.
You are confused.
You bump into the rock wall.
You bump into the rock wall.
The orc priest casts a cantrip, but nothing happens.
You're too confused to move!
The orc wizard gestures at you while chanting.
The puff of flame hits you!
* * * LOW HITPOINT WARNING * * *
You are too confused!
Okay, then.
You hit the orc wizard but do no damage.
The orc wizard hits you with a +0 dagger.
* * * LOW HITPOINT WARNING * * *
You hit the orc wizard. Your bite misses the orc wizard.
The orc wizard is lightly wounded.
The orc hits you with a +0 whip.
You die...

### ..##############
#..........)...#
##############.# ..#
########.#### ########### #.#
......(...@o#####......(..#
#######.#.#oo.o...#######o#
#..###...###..........#
#.#.#.##.###..######..# #
#.##.............# #..#
########.##..##.###.(##.###..#
#
#...(.?(.....................#
.
#.######.#....######.##o###..#
. .......#.......##.# #..#


You could see an orc priest, an orc wizard and 2 orcs.

Vanquished Creatures
  A water moccasin skeleton (D:5)
  An orc (D:5)
  A quokka (D:5)
3 creatures vanquished.

Notes
Turn   | Place    | Note
-------+----------+-------------------------------------------
     0 | D:5      | Reached skill level 9 in Stealth
     0 | D:5      | MisterFreud the Gnoll Delver began the quest for the Orb.
     0 | D:5      | Reached XP level 1. HP: 23/23 MP: 1/1
     1 | D:6      | Noticed Eustachio
     1 | D:6      | Noticed an iguana
     2 | D:6      | Found Izapuh Qelin's Assorted Antiques.
     6 | D:6      | Noticed an iron imp
     6 | D:6      | Noticed a quasit
    55 | D:5      | Noticed an orc wizard
    56 | D:5      | Noticed an orc priest
   192 | D:5      | Reached skill level 1 in Long Blades
   192 | D:5      | Reached skill level 1 in Axes
   192 | D:5      | Reached skill level 1 in Maces & Flails
   192 | D:5      | Reached skill level 1 in Polearms
   192 | D:5      | Reached skill level 1 in Staves
   192 | D:5      | Reached skill level 1 in Slings
   192 | D:5      | Reached skill level 1 in Bows
   192 | D:5      | Reached skill level 1 in Crossbows
   192 | D:5      | Reached skill level 1 in Throwing
   192 | D:5      | Reached skill level 1 in Armour
   192 | D:5      | Reached skill level 1 in Shields
   192 | D:5      | Reached skill level 1 in Unarmed Combat
   192 | D:5      | Reached skill level 1 in Spellcasting
   192 | D:5      | Reached skill level 1 in Invocations
   192 | D:5      | Reached skill level 1 in Evocations
   192 | D:5      | Reached XP level 2. HP: 29/29 MP: 1/3
   192 | D:5      | Reached XP level 3. HP: 35/35 MP: 1/4
   281 | D:5      | Slain by an orc

Illustrated notes

Levels and vault maps discovered:
D:5:      layout_loops_ring, minmay_divided_ellipse
D:6:      layout_gridville, nicolae_ru_sacrificial_ziggurat,
          minmay_temple_entry_waves, serial_shops,
          nicolae_shop_advertising_works [nicolae_subvault_shop_adworks],
          hangedman_minor_gate_pass, uniq_menkaure, uniq_pikel, uniq_eustachio

Skill      XL: |  1 |
---------------+----+-----
Stealth        | |  9.6
Long Blades    | 1 |  1.0
Axes           | 1 |  1.0
Maces & Flails | 1 |  1.0
Polearms       | 1 |  1.0
Staves         | 1 |  1.0
Slings         | 1 |  1.0
Bows           | 1 |  1.0
Crossbows      | 1 |  1.0
Throwing       | 1 |  1.0
Armour         | 1 |  1.0
Shields        | 1 |  1.0
Unarmed Combat | 1 |  1.0
Spellcasting   | 1 |  1.0
Invocations    | 1 |  1.0
Evocations     | 1 |  1.0
Fighting       | |  6.5
Short Blades   | |  4.6
Dodging        | |  4.6
Conjurations   | |  0.7
Hexes          | |  0.7
Summonings     | |  0.7
Necromancy     | |  0.7
Translocations | |  0.7
Transmutations | |  0.7
Fire Magic     | |  0.7
Ice Magic      | |  0.7
Air Magic      | |  0.7
Earth Magic    | |  0.7
Poison Magic   | |  0.7

Action                   || total
-------------------------++-------
Melee: Short sword       ||     9
 Stab: Sleeping          ||     3
Dodge: Dodged            ||     3
